 Dungeon Crawl Stone Soup version 0.27-a0-1149-g4505690ab0 (webtiles) character file.

Game seed: 948477415882414701

71 HoaS the Shooter (level 4, -2/26 HPs)
             Began as a Gargoyle Hunter on May 12, 2021.
             Slain by an orc
             ... wielding a +0 short sword
              (3 damage)
             ... on level 3 of the Dungeon.
             The game lasted 00:06:18 (2531 turns).

HoaS the Shooter (Gargoyle Hunter)                  Turns: 2531, Time: 00:06:18

Health: -2/26      AC:  9    Str: 16    XL:     4   Next: 24%
Magic:  0/4        EV:  9    Int: 12    God:
Gold:   127        SH:  0    Dex: 10    Spells: 3/3 levels left

rFire    . . .     SeeInvis .     - Unarmed
rCold    . . .     Faith    .   (no shield)
rNeg     + . .     Spirit   +   i - +0 scale mail
rPois    ∞         Reflect  .   (no helmet)
rElec    +         Harm     .   (no cloak)
rCorr    .         Rampage  .   (no gloves)
Will     .....                  (no boots)
Stlth    ..........             g - amulet of guardian spirit
HPRegen  0.08/turn              (no ring)
MPRegen  0.09/turn              (no ring)

@: no status effects
A: sickness immunity, AC +3, negative energy resistance 1, electricity
resistance, torment resistance 1, petrification resistance
a: no special abilities


You were on level 3 of the Dungeon.
You visited 1 branch of the dungeon, and saw 3 of its levels.

You collected 127 gold pieces.

Inventory:

Hand Weapons
 w - a +1 shortbow
Missiles
 d - 20 arrows
Armour
 i - a +0 scale mail (worn)
Jewellery
 g - an amulet of guardian spirit (around neck)
Wands
 c - a wand of mindburst (9) (quivered)
Potions
 a - 2 potions of curing
 b - a potion of resistance {unknown}
 e - a potion of haste {unknown}
 f - a potion of flight {unknown}
 h - a potion of degeneration {unknown}
 j - a potion of heal wounds {unknown}
 k - 2 potions of attraction {unknown}


   Skills:
 - Level 2.1 Fighting
 + Level 4.6 Bows
 - Level 1.5 Dodging
 - Level 1.1 Stealth
 * Level 3.0 Unarmed Combat


You had 3 spell levels left.
You didn't know any spells.
Your spell library contained the following spells:

 Spells                   Type           Power      Damage    Failure   Level
 Beastly Appendage        Tmut           0%         N/A       77%         1
 Wereblood                Tmut           0%         N/A       88%         2
 Spider Form              Tmut/Pois      0%         N/A       98%         3
 Ice Form                 Ice/Tmut       0%         N/A       100%        4
 Hydra Form               Tmut           0%         N/A       100%        5


Dungeon Overview and Level Annotations

Branches:
Dungeon (3/15)

Altars:

Shops:
D:1 !   D:2 :

Annotations:
D:3 1 runed translucent door


Innate Abilities, Weirdness & Mutations

You are immune to sickness and miasma.
Your stone body is resilient. (AC +3)
You are immune to poison.
You resist negative energy. (rN+)
You are resistant to electric shocks. (rElec)
You are resistant to unholy torment.
You are immune to petrification.


Message History

Something hits you but does no damage.
You miss something. The orc hits you with a +0 short sword.
You hear some strange, mumbled words.
Something tries to affect you, but you resist.
You miss something. The orc hits you but does no damage.
You hear some strange, mumbled words.
A magic dart appears from out of thin air!
The magic dart hits you but does no damage.
You barely miss something. The orc hits you with a +0 short sword.
Something hits you but does no damage.
You completely miss something. The orc barely misses you.
You hear some strange, mumbled words.
A puff of flame appears from out of thin air!
The puff of flame hits you.
You barely miss something. The orc barely misses you. Something hits you.
You miss something. The orc completely misses you.
You hear some strange, mumbled words.
A magic dart appears from out of thin air!
The magic dart hits you.
* * * LOW HITPOINT WARNING * * *
You hit something.
Reactivating autopickup.
You feel a bit more experienced. The orc hits you but does no damage.
Your Unarmed Combat skill increases to level 3!
You have reached level 4!
You feel clever.
You hit the orc but do no damage.
The orc is heavily wounded.
The orc hits you but does no damage.
You barely miss the orc.
The orc is heavily wounded.
The orc hits you with a +0 short sword.
* * * LOW HITPOINT WARNING * * *
You hit the orc.
The orc is almost dead.
The orc completely misses you.
You hit the orc but do no damage.
The orc is almost dead.
The orc hits you with a +0 short sword.
You die...

###.##.####.#
.######.##......#
?.......##.####...#
.##....)...# #
#.###.#.######## #
#.#......... ..#
#)##########
.....###o###
#....@)..#
########.# ... ###


You could see an orc.

Vanquished Creatures
  An orc wizard (D:3)
  An adder (D:2)
  An adder skeleton (D:2)
  3 dart slugs (D:1)
  2 orcs (D:3)
  2 endoplasms (D:2)
  3 giant cockroaches
  4 goblins
  3 hobgoblins
  A jackal (D:2)
  A quokka (D:1)
  A bat (D:1)
  2 frilled lizards
  2 kobolds
  2 rats
29 creatures vanquished.

Notes
Turn   | Place    | Note
-------+----------+-------------------------------------------
     0 | D:1      | HoaS the Gargoyle Hunter began the quest for the Orb.
     0 | D:1      | Reached XP level 1. HP: 12/12 MP: 1/1
   334 | D:1      | Found Suik's Distillery.
   401 | D:1      | Reached skill level 1 in Unarmed Combat
   437 | D:1      | Reached XP level 2. HP: 11/17 MP: 2/2
  1237 | D:2      | Reached XP level 3. HP: 13/21 MP: 1/3
  1359 | D:2      | Found Lupimp Avea's Book Shop.
  2178 | D:2      | Found a faded altar of an unknown god.
  2338 | D:3      | Found a runed translucent door.
  2528 | D:3      | Reached XP level 4. HP: 3/26 MP: 0/4
  2529 | D:3      | HP: 1/26 [orc/+0 short sword (3)]
  2531 | D:3      | Slain by an orc

Illustrated notes

Levels and vault maps discovered:
D:1:      nzn_arrival_depleted_hourglass, layout_basic, serial_shops, shop,
          grunt_decor_junction
D:2:      minmay_razor_zed, layout_loops_ring, serial_shops,
          nicolae_shop_temple_entry_statues_fountains,
          shapermc_ecumenical_altar_venn, amcnicky_mini_pool_small
D:3:      layout_loops_ring, serial_co_window_serial, co_window_corner_a,
          co_window_of_opportunity_a, co_window_corner_a, co_window_paths_a,
          co_window_paths_a, co_window_of_opportunity_b, co_window_corner_b,
          co_window_unsneaky_path_b, co_window_unsneaky_path_c,
          co_window_corner_b, co_window_unsneaky_path_e, co_window_cross_2,
          glass_columns_a, glass_columns_b, glass_columns_b, glass_columns_b,
          ebering_ghost_reflecting_pool, corexii_item_surrounded_by_moat,
          nicolae_underground_beach

Skill      XL: |  1  2  3 |
---------------+----------+-----
Unarmed Combat | 1 2 3 |  3.0
Fighting       | |  2.1
Bows           | |  4.6
Dodging        | |  1.5
Stealth        | |  1.1

Action                   |  1- 3 |  4- 6 || total
-------------------------+-------+-------++-------
Melee: Unarmed           |   183 |     4 ||   187
       Punch             |     1 |       ||     1
  Use: Scroll            |     6 |       ||     6
Armor: Leather armour    |    27 |       ||    27
       Scale mail        |    45 |     1 ||    46
Dodge: Dodged            |    85 |     1 ||    86

Table legend: (Time is in decaauts)
 A = Elapsed time spent in this place.
 B = Non-inter-level travel time spent in this place.
 C = Inter-level travel time spent in this place.
 D = Time resting spent in this place.
 E = Time spent auto-exploring this place.
 F = Levels seen in this place.
 G = Mean time per level.
                   A        B        C        D        E       F      G
               +--------+--------+--------+--------+--------+-----+--------+
         Total |   2519 |   2458 |     61 |    595 |   1500 |   3 |  839.7 |
       Dungeon |   2519 |   2458 |     61 |    595 |   1500 |   3 |  839.7 |
               +--------+--------+--------+--------+--------+-----+--------+

Top non-repeatable levels by time:
     D:1: 1216 daAuts
     D:2: 1112 daAuts
     D:3: 189 daAuts
